 Dungeon Crawl Stone Soup version 0.22-a0-542-gce4f928 (webtiles) character file.

60 Hebeh the Skirmisher (level 3, -1/33 HPs)
             Began as a Minotaur Fighter on June 24, 2018.
             Killed by nerve-wracking pain
             ... invoked by an orc priest
              (7 damage)
             ... on level 2 of the Dungeon.
             The game lasted 00:04:05 (1105 turns).

Hebeh the Skirmisher (Minotaur Fighter)             Turns: 1105, Time: 00:04:06

Health: -1/33      AC: 10    Str: 21    XL:     3   Next: 82%
Magic:  2/2        EV:  8    Int:  5    God:
Gold:   92         SH:  9    Dex:  6    Spells: 2/2 levels left

rFire    . . .     SeeInvis .   a - +0 war axe
rCold    . . .     Gourm    .   c - +0 shield
rNeg     . . .     Faith    .   k - +3 ring mail
rPois    .         Spirit   .   (helmet restricted)
rElec    .         Reflect  .   e - scarf {cloud immunity}
rCorr    .         Harm     .   g - +0 pair of gloves
MR       .....                  (no boots)
Stlth    ..........             (no amulet)
HPRegen  0.11/turn              h - -3 ring of dexterity (curse)
MPRegen  0.08/turn              (no ring)

@: no status effects
A: retaliatory headbutt, horns 2
a: no special abilities


You were on level 2 of the Dungeon.
You were not hungry.

You visited 1 branch of the dungeon, and saw 2 of its levels.

You collected 92 gold pieces.

Inventory:

Hand Weapons
 a - a +0 war axe (weapon)
Armour
 c - a +0 shield (worn)
 e - a scarf of cloud immunity (worn)
 g - a +0 pair of gloves (worn)
 k - a +3 ring mail (worn)
Jewellery
 h - a cursed -3 ring of dexterity (left hand)
 p - an uncursed ring of ice {unknown}
Scrolls
 b - a scroll of amnesia {unknown}
 i - a scroll of teleportation {unknown}
 j - a scroll of enchant armour
Potions
 d - 2 potions of might
 l - a potion of cancellation {unknown}
 m - 2 potions of invisibility {unknown}
 o - a potion of heal wounds {unknown}
 q - 2 potions of curing {unknown}
Comestibles
 f - 6 rations
 n - 14 chunks of flesh


   Skills:
 + Level 4.1 Fighting
 * Level 3.7 Axes
 + Level 4.1 Armour
 + Level 4.1 Shields


You had 2 spell levels left.
You didn't know any spells.
Your spell library was empty.

Dungeon Overview and Level Annotations

Branches:
Dungeon (2/15)

Altars:


Innate Abilities, Weirdness & Mutations

You reflexively headbutt those who attack you in melee.
You have a pair of horns on your head.


Message History

The orc priest is heavily wounded.
You barely miss the frilled lizard.
The kobold throws a stone.
The stone closely misses you. You block the frilled lizard's attack.
The orc priest hits you but does no damage.
You closely miss the orc priest. You headbutt the orc priest!
The orc priest is almost dead.
You miss the frilled lizard.
The frilled lizard bites you but does no damage.
The orc priest hits you but does no damage.
You are electrocuted!
* * * LOW HITPOINT WARNING * * *
The kobold throws a stone.
The stone hits you but does no damage.
The frilled lizard bites you but does no damage.
The orc priest hits you but does no damage.
You hit the orc priest but do no damage.
The orc priest is almost dead.
You closely miss the frilled lizard. You block the frilled lizard's attack.
The orc priest mumbles some strange prayers to Beogh against you.
Pain shoots through your body!
You die...

..(.. ..... ..
...... #(. ....
#.# #... #..##
##.K# #...##o)#
#.# ###..l@#
#.###.....## #..
.. ##.#
#.....##(## #.#
. ##.# #..#
#.#### #.# .
##.# ##.#
#....## #.# .#
##.# #..#
####..# #.##.#
##.###..##
##.###.#..#
##.##....#
####.......#
.#)##.##.##
#.....#..#######


You could see an orc priest, a kobold and a frilled lizard.

Vanquished Creatures
  3 dart slugs
  5 leopard geckos (D:1)
  2 orcs (D:2)
  A ball python (D:1)
  10 goblins
  5 hobgoblins
  3 bats (D:1)
  3 frilled lizards (D:1)
  5 kobolds
  9 rats
46 creatures vanquished.

Notes
Turn   | Place    | Note
-------+----------+-------------------------------------------
     0 | D:1      | Hebeh the Minotaur Fighter began the quest for the Orb.
     0 | D:1      | Reached XP level 1. HP: 19/19 MP: 0/0
   142 | D:1      | Reached XP level 2. HP: 27/27 MP: 1/1
   421 | D:1      | Reached XP level 3. HP: 30/33 MP: 2/2
  1105 | D:2      | Killed from afar by an orc priest

Vault maps used:
D:1:      eino_arrival_cavern_b, st_stairs_11, serial_bayou_pond_d
D:2:      first_ration, minmay_goblin_kobold_house

Skill      XL: |  1  2  3 |
---------------+----------+-----
Axes           | 3 |  3.7
Armour         | 4 |  4.1
Fighting       | 4 |  4.1
Shields        | 4 |  4.1

Action                   || total
-------------------------++-------
Melee: War axe           ||   109
       Headbutt          ||    10
  Use: Scroll            ||     1
  Eat: Chunk             ||     1
Armor: Scale mail        ||    20
       Ring mail         ||    32
Dodge: Dodged            ||    44
Block: Shield            ||    58

Table legend:
 A = Spawn XP
 B = Non-spawn XP
 C = Spawn XP percentage of total XP
 D = Spawn monster count
 E = Non-spawn monster count
 F = Spawn count percentage of total count
 G = Total turns spent on level
                    A         B        C        D         E        F      G
               +---------+---------+-------+---------+---------+-------+---------
         Total |       0 |      87 |   0.0 |       0 |      46 |   0.0 |  1105
               +---------+---------+-------+---------+---------+-------+---------
           D:1 |       0 |      55 |   0.0 |       0 |      30 |   0.0 |   874
           D:2 |       0 |      32 |   0.0 |       0 |      16 |   0.0 |   231
               +---------+---------+-------+---------+---------+-------+---------
